Map: 2000 Atmospheres LE

Players

A.I. 1 (Very Easy)

  • Race: Terran Terran

HIGUMA - Winner!

  • Race: Terran Terran
  • League: Diamond

VOD

Have the link to the VOD?

Description

Time

  • Played on: May 4, 2021, 12:32 a.m.
  • Length: 5:46
Show
View Real Time Build Order
Export as new Build Order

A.I. 1 (Very Easy) Terran 

Build Orders:  

Get SALT Encoding   

  12  0:00  SCV  
  13  0:13  SCV  
  14  0:18  Supply Depot  
  14  0:37  Refinery  
  14  0:42  Barracks  
  14  1:02  Supply Depot  
  14  1:11  Refinery  
  14  1:30  Marine  
  14  1:31  Orbital Command  
  15  1:48  Barracks Tech Lab  
  15  1:56  SCV  
  16  2:08  SCV  
  16  2:11  Marine  
  18  2:20  SCV  
  19  2:32  SCV  
  20  2:44  SCV  
  21  2:53  Marauder  
  21  2:57  SCV  
  24  4:40  SCV  
  24  4:46  Marauder  
  22  4:59  Supply Depot  
  22  5:08  SCV  
  18  5:14  Marauder  
  18  5:20  SCV  
  13  5:32  SCV  
Show
View Real Time Build Order
Export as new Build Order

HIGUMA Terran - Winner!

Build Orders: 1/1/1, Cyclone Opening 

Get SALT Encoding   

  12  0:00  SCV  
  13  0:12  SCV  
  14  0:17  Supply Depot  
  14  0:25  SCV  
  15  0:39  SCV  
  15  0:40  Barracks  
  16  0:46  Refinery  
  16  0:51  SCV  
  16  0:55  Refinery  
  17  1:04  SCV  
  18  1:16  SCV  
  19  1:28  Marine  
  19  1:29  Orbital Command  
  20  1:39  Factory  
  20  1:47  Supply Depot  
  20  1:57  Barracks Tech Lab  
  20  2:00  SCV  
  21  2:15  SCV  
  22  2:29  Starport  
  22  2:30  Cyclone  
  22  2:32  SCV  
  26  2:44  SCV  
  26  2:45  Supply Depot  
  27  2:56  SCV  
  28  3:02  Cyclone  
  31  3:06  Starport Tech Lab  
  31  3:25  Command Center  
  32  3:30  Banshee  
  32  3:34  Cloaking Field  
  34  3:37  SCV  
  35  3:44  Supply Depot  
  35  3:48  Cyclone  
  38  3:53  Supply Depot  
  38  3:56  SCV  
  39  4:15  Banshee, SCV  
  43  4:23  Cyclone  
  46  4:27  SCV  
  47  4:37  Orbital Command  
  47  4:39  SCV  
  49  4:55  Cyclone  
  49  4:58  Banshee  
  54  5:13  SCV  
  55  5:17  SCV  
  55  5:23  Refinery  
  55  5:25  Refinery, SCV  
  52  5:33  Command Center  
  52  5:35  Factory  
  52  5:42  Factory  
Tags
 
Add a new tag
Caveats
  • Supply blocks, unpowered buildings, or Contaminate may cause inaccurate times.
  • Supply counts are checked every 10 seconds.